 Dungeon Sprint DCSS version 0.24.0-41-g2ae2f7f1be (webtiles) character file.

Game seed: 2006388359235430868, levelgen mode: deterministic

40280 McKennaii the Fencer (level 13, -9/115 HPs)
             Began as a Demonspawn Fighter on Dec 9, 2019.
             Was the Champion of Makhleb.
             Killed from afar by an ice dragon (18 damage)
             ... with a blast of cold
             ... in the Dungeon (Sprint IX: "|||||||||||||||||||||||||||||").
             The game lasted 00:18:30 (4858 turns).

McKennaii the Fencer (Demonspawn Fighter)           Turns: 4858, Time: 00:18:30

Health: -9/115     AC: 23    Str: 20    XL:     13   Next: 73%
Magic:  25/25      EV:  9    Int: 11    God:    Makhleb [******]
Gold:   1836       SH: 20    Dex: 13    Spells: 12/12 levels left

rFire    + + .     SeeInvis .   C - +4 scimitar (flame)
rCold    + . .     Gourm    .   c - +0 shield
rNeg     . . .     Faith    .   B - +1 plate armour {rF+}
rPois    .         Spirit   .   (helmet restricted)
rElec    .         Reflect  .   a - +0 cloak
rCorr    .         Harm     .   r - +1 pair of gloves
MR       .....     NoTele   +   v - +1 pair of boots
Stlth    ..........             (no amulet)
HPRegen  0.29/turn              D - ring of protection from cold
MPRegen  0.19/turn              w - ring of protection from fire

@: hasted, very quick
A: horns 1, large bone plates 2, foul stench 1, spiny 1, rot immunity
a: Minor Destruction, Lesser Servant of Makhleb, Major Destruction, Greater
Servant of Makhleb, Renounce Religion


You were in the Dungeon.
You worshipped Makhleb.
Makhleb was exalted by your worship.
You were not hungry.

You visited 1 branch You collected 1920 gold pieces.
You spent 84 gold pieces at shops.

Inventory:

Hand Weapons
 C - a +4 scimitar of flaming (weapon)
Armour
 a - a +0 cloak (worn)
 c - a +0 shield (worn)
 r - a +1 pair of gloves (worn)
 s - a +1 large shield
 v - a +1 pair of boots (worn)
 B - a +1 plate armour of fire resistance (worn)
Jewellery
 p - an uncursed ring of see invisible
 w - a ring of protection from fire (right hand)
 D - a ring of protection from cold (left hand)
 E - an uncursed ring of poison resistance
 F - an uncursed ring of protection from magic
Scrolls
 m - 3 scrolls of remove curse
 n - 2 scrolls of amnesia
 t - 4 scrolls of enchant weapon
 x - 5 scrolls of fear
 y - a scroll of fog
 z - 2 scrolls of enchant armour
 A - a scroll of magic mapping
Potions
 b - a potion of agility
 d - 2 potions of brilliance
 e - 4 potions of curing
 h - 2 potions of haste
 i - 4 potions of magic
 j - 3 potions of berserk rage
 l - a potion of invisibility
 q - a potion of mutation
 u - 3 potions of might
Comestibles
 f - 10 rations


   Skills:
 + Level 15.1 Fighting
 * Level 20.2 Long Blades
 + Level 13.0 Armour
 + Level 4.2 Dodging
 + Level 1.5 Stealth
 + Level 15.4 Shields
 + Level 16.0 Invocations
   Level 2.4 Evocations


You had 12 spell levels left.
You didn't know any spells.
Your spell library was empty.

Dungeon Overview and Level Annotations

Branches:
Dungeon (1/1)

Altars:
Cheibriados
Dithmenos
Elyvilon
Fedhas
Gozag
Hepliaklqana
Kikubaaqudgha
Makhleb
Nemelex Xobeh
Okawaru
Qazlal
Ru
Sif Muna
Trog
Uskayaw
Vehumet
Wu Jian
Xom
Yredelemnul
Zin
The Shining One
Beogh
Jiyva
Lugonu

Shops:
D ::%*


Innate Abilities, Weirdness & Mutations

You have a pair of small horns on your head.
You are mostly covered in large bone plates. (SH +6)
You may emit foul miasma when damaged in melee.
You are partially covered in sharp spines.
You are immune to rotting.


Message History

The ice dragon breathes frost at you. The blast of cold hits your cacodemon!
Your cacodemon dies!
The blast of cold hits you! You resist.
* * * LOW HITPOINT WARNING * * *
A demon appears!
A deep troll shaman comes into view.
The ice dragon bites your balrug! The ice dragon claws your balrug.
The ice dragon tramples your balrug.
Your balrug is shoved backwards!
Your balrug hits the ice dragon with a +2 demon whip of electrocution!!
The ice dragon is engulfed in flames!!
The ice dragon is burned terribly!
The ice dragon breathes frost at you.
The blast of cold hits the ice dragon.
The ice dragon resists.
The blast of cold hits your balrug!!!
Your balrug is frozen!
Your balrug dies!
You feel yourself speed up. The ice dragon breathes frost at you.
The blast of cold hits you!! You resist.
You die...

▓.........'...=.))))))))
▓▓▓▓▓▓▓▓▓▓▓▓▓▓▓▓▓▓▓▓▓▓▓▓
▓.......................
▓.▓▓▓▓▓▓▓▓▓▓▓▓▓▓▓▓▓▓▓▓▓▓
▓...............'.......
▓▓▓▓▓▓▓▓▓▓▓▓▓▓▓▓▓▓▓▓▓▓▓▓
▓.......................
▓.▓▓▓▓▓▓▓▓▓▓▓▓▓▓▓▓▓▓▓▓▓▓
▓......@....D.D((T()()..
▓▓▓▓▓▓▓▓▓▓▓▓▓▓▓▓▓▓▓▓▓▓▓▓


You could see 2 ice dragons.

Vanquished Creatures
  Snorg (D)
  An ogre mage (D)
  A naga warrior (D)
  2 hydras (D)
  2 anacondas (D)
  2 ghost crabs (D)
  A centaur warrior (D)
  A shock serpent (D)
  6 orc high priests (D)
  A sea snake (D)
  A naga ritualist (D)
  A wolf spider (D)
  An orc knight (D)
  An orb spider (D)
  An orc sorcerer (D)
  An ugly thing (D)
  3 manticores (D)
  2 moths of wrath (D)
  7 elephants (D)
  A guardian serpent (D)
  A naga mage (D)
  A merfolk siren (D)
  A spiny frog (D)
  A gargoyle (D)
  2 black mambas (D)
  A rime drake (D)
  2 yaktaurs (D)
  A demonic crawler (D)
  An efreet (D)
  A komodo dragon (D)
  2 merfolk (D)
  A wind drake (D)
  A slime creature (D)
  2 blink frogs (D)
  A bog body (D)
  2 snapping turtles (D)
  2 hippogriffs (D)
  A redback (D)
  A vampire (D)
  A redback (shapeshifter) (D)
  3 tarantellas (D)
  A yak (D)
  A wyvern (D)
  3 hogs (D)
  A naga (D)
  2 porcupines (D)
  12 orc warriors (D)
  An ogre (D)
  A centaur (D)
  5 crocodiles (D)
  4 bullfrogs (D)
  2 orc priests (D)
  A jelly (D)
  An iguana (D)
  4 orc wizards (D)
  A gnoll (D)
  An adder skeleton (D)
  A dart slug (D)
  10 orcs (D)
  2 giant cockroaches (D)
  2 kobolds (D)
  A ball python skeleton (D)
  A frilled lizard (D)
124 creatures vanquished.

Vanquished Creatures (collateral kills)
  Saint Roka (D)
  Kirke (D)
  A tengu reaver (D)
  3 frost giants (D)
  Aizul (D)
  A very ugly thing (D)
  A dire elephant (D)
  An ettin (D)
  A yaktaur captain (D)
  An ice dragon (D)
  Erica (D)
  2 ogre magi (D)
  An orc high priest (D)
  6 orc knights (D)
  A yaktaur (D)
  A troll (shapeshifter) (D)
  A slime creature (D)
  A basilisk (D)
  A yak (D)
  An orc wizard (D)
  2 orcs (D)
30 creatures vanquished.

Vanquished Creatures (others)
  A thorn hunter (D)
  A hydra (D)
  An unseen horror (D)
  A swamp dragon (D)
  A hornet (D)
  A spriggan (D)
  A swamp drake (D)
  2 briar patches (D)
9 creatures vanquished.

Grand Total: 163 creatures vanquished

Notes
Turn   | Place    | Note
-------+----------+-------------------------------------------
     0 | D        | McKennaii the Demonspawn Fighter began the quest for the
                  | Orb.
     0 | D        | Reached XP level 1. HP: 18/18 MP: 1/1
     8 | D        | Reached skill level 2 in Long Blades
    98 | D        | Noticed an iguana
   101 | D        | Gained mutation: You are partially covered in sharp spines.
                  | [demonic ancestry]
   101 | D        | Reached XP level 2. HP: 24/25 MP: 2/2
   111 | D        | Reached skill level 3 in Long Blades
   111 | D        | Reached XP level 3. HP: 6/31 MP: 3/3
   336 | D        | Found a roughly hewn altar of Beogh.
   336 | D        | Found a snail-covered altar of Cheibriados.
   336 | D        | Found a shadowy altar of Dithmenos.
   336 | D        | Found a white marble altar of Elyvilon.
   336 | D        | Found a blossoming altar of Fedhas.
   336 | D        | Found an opulent altar of Gozag.
   337 | D        | Found a hazy altar of Hepliaklqana.
   338 | D        | Found a viscous altar of Jiyva.
   339 | D        | Found an ancient bone altar of Kikubaaqudgha.
   340 | D        | Found a corrupted altar of Lugonu.
   341 | D        | Found a burning altar of Makhleb.
   342 | D        | Found a sparkling altar of Nemelex Xobeh.
   343 | D        | Found an iron altar of Okawaru.
   344 | D        | Found a stormy altar of Qazlal.
   345 | D        | Found a sacrificial altar of Ru.
   346 | D        | Found a shimmering blue altar of Sif Muna.
   347 | D        | Found a bloodstained altar of Trog.
   348 | D        | Found a hide-covered altar of Uskayaw.
   349 | D        | Became a worshipper of Makhleb the Destroyer
   350 | D        | Found a radiant altar of Vehumet.
   351 | D        | Found an ornate altar of the Wu Jian Council.
   352 | D        | Found a shimmering altar of Xom.
   353 | D        | Found a basalt altar of Yredelemnul.
   354 | D        | Found a glowing silver altar of Zin.
   355 | D        | Found a glowing golden altar of the Shining One.
   408 | D        | Noticed a bullfrog
   408 | D        | Noticed a wyvern
   408 | D        | Noticed an ogre
   408 | D        | Noticed a bullfrog
   410 | D        | Reached skill level 4 in Long Blades
   410 | D        | Reached skill level 1 in Dodging
   410 | D        | Gained mutation: You are immune to rotting. [demonic
                  | ancestry]
   410 | D        | Reached XP level 4. HP: 34/38 MP: 4/4
   415 | D        | Killed a bullfrog
   415 | D        | Reached skill level 5 in Fighting
   415 | D        | Reached skill level 5 in Long Blades
   415 | D        | Gained mutation: You are partially covered in large bone
                  | plates. (SH +4) [demonic ancestry]
   415 | D        | Reached XP level 5. HP: 38/44 MP: 5/5
   423 | D        | Killed a wyvern
   423 | D        | Reached * piety under Makhleb
   423 | D        | Reached skill level 7 in Long Blades
   423 | D        | Reached skill level 5 in Armour
   423 | D        | Reached skill level 5 in Shields
   423 | D        | Reached XP level 6. HP: 46/52 MP: 6/6
   426 | D        | Reached skill level 8 in Long Blades
   432 | D        | Reached ** piety under Makhleb
   468 | D        | Noticed a manticore
   468 | D        | Noticed a slime creature
   468 | D        | Noticed a centaur warrior
   468 | D        | Noticed a vampire
   476 | D        | Reached skill level 9 in Long Blades
   476 | D        | Reached skill level 1 in Stealth
   484 | D        | Killed a manticore
   484 | D        | Reached skill level 10 in Long Blades
   484 | D        | Reached XP level 7. HP: 41/60 MP: 7/7
   493 | D        | Killed a slime creature
   493 | D        | Reached *** piety under Makhleb
   493 | D        | Reached skill level 11 in Long Blades
   493 | D        | Reached XP level 8. HP: 62/67 MP: 8/8
   497 | D        | Killed a centaur warrior
   497 | D        | Reached skill level 12 in Long Blades
   511 | D        | Reached skill level 13 in Long Blades
   864 | D        | Noticed a blink frog
   864 | D        | Noticed a blink frog
   869 | D        | Noticed a black mamba
   876 | D        | Noticed a spiny frog
   878 | D        | Reached **** piety under Makhleb
   878 | D        | Gained mutation: You have a pair of small horns on your
                  | head. [demonic ancestry]
   878 | D        | Reached XP level 9. HP: 44/75 MP: 9/9
   895 | D        | Killed a black mamba
   895 | D        | Reached ***** piety under Makhleb
   895 | D        | Reached skill level 14 in Long Blades
   930 | D        | Reached skill level 1 in Invocations
   953 | D        | Killed a spiny frog
  1201 | D        | Noticed a komodo dragon
  1201 | D        | Noticed a rime drake
  1212 | D        | Killed a komodo dragon
  1219 | D        | Reached skill level 15 in Long Blades
  1219 | D        | Gained mutation: You are mostly covered in large bone
                  | plates. (SH +6) [demonic ancestry]
  1219 | D        | Reached XP level 10. HP: 83/83 MP: 11/11
  1233 | D        | Noticed a seven-headed hydra
  1255 | D        | Killed a seven-headed hydra
  1295 | D        | Noticed an elephant
  1295 | D        | Noticed an elephant
  1295 | D        | Noticed an elephant
  1295 | D        | Noticed an elephant
  1295 | D        | Noticed an elephant
  1295 | D        | Noticed an elephant
  1305 | D        | Killed an elephant
  1305 | D        | Reached skill level 10 in Fighting
  1305 | D        | Noticed an elephant
  1312 | D        | Killed an elephant
  1312 | D        | Reached ****** piety under Makhleb
  1312 | D        | Reached skill level 10 in Shields
  1321 | D        | Killed an elephant
  1349 | D        | Killed an elephant
  1353 | D        | Killed an elephant
  1353 | D        | Reached skill level 16 in Long Blades
  1358 | D        | Killed an elephant
  1369 | D        | Killed an elephant
  1371 | D        | Noticed a dire elephant
  1403 | D        | Killed a dire elephant
  1403 | D        | Reached skill level 5 in Invocations
  1403 | D        | Reached skill level 1 in Evocations
  1403 | D        | Gained mutation: You may emit foul miasma when damaged in
                  | melee. [demonic ancestry]
  1403 | D        | Reached XP level 11. HP: 83/93 MP: 14/14
  1551 | D        | Noticed Erica
  1564 | D        | Killed Erica
  1622 | D        | Noticed an orc sorcerer
  1631 | D        | Paralysed by an orc sorcerer for 5 turns
  1641 | D        | Killed an orc sorcerer
  1654 | D        | Noticed an orc knight
  1681 | D        | Killed an orc knight
  1831 | D        | Found Xanyux's Book Emporium.
  1831 | D        | Noticed an orc high priest
  1831 | D        | Noticed an orc high priest
  1831 | D        | Noticed an orc knight
  1831 | D        | Noticed an orc high priest
  1831 | D        | Noticed an orc knight
  1832 | D        | Noticed a sixfirhy
  1832 | D        | Noticed a soul eater
  2155 | D        | Killed an orc high priest
  2155 | D        | Reached skill level 10 in Armour
  2190 | D        | Noticed a soul eater
  2194 | D        | Killed an orc high priest
  2194 | D        | Reached skill level 17 in Long Blades
  2212 | D        | Killed an orc knight
  2235 | D        | Killed an orc high priest
  2386 | D        | Killed an orc knight
  2389 | D        | Noticed an orc knight
  2392 | D        | Noticed an orc high priest
  2411 | D        | Killed an orc knight
  2416 | D        | Noticed a sun demon
  2416 | D        | Killed an orc high priest
  2439 | D        | Noticed an orc high priest
  2444 | D        | Noticed a soul eater
  2452 | D        | Killed an orc high priest
  2459 | D        | Found Ypedalu's Book Shoppe.
  2463 | D        | Found Dotejapp's Food Emporium.
  2467 | D        | Found Yschijyl's General Store.
  2469 | D        | Noticed an orc knight
  2472 | D        | Noticed an orc high priest
  2473 | D        | Noticed an orc knight
  2485 | D        | Noticed an orc knight
  2485 | D        | Noticed an orc high priest
  2489 | D        | Killed an orc knight
  2493 | D        | Killed an orc high priest
  2516 | D        | Killed an orc knight
  2535 | D        | Killed an orc knight
  2539 | D        | Killed an orc high priest
  2841 | D        | Bought a potion of curing for 36 gold pieces
  2841 | D        | Bought a potion of might for 48 gold pieces
  3044 | D        | Noticed an ogre mage
  3059 | D        | Killed an ogre mage
  3059 | D        | Reached XP level 12. HP: 103/103 MP: 17/19
  3068 | D        | Reached skill level 10 in Invocations
  3073 | D        | Noticed a tengu reaver
  3081 | D        | Noticed an ettin
  3091 | D        | Reached skill level 18 in Long Blades
  3091 | D        | Noticed an ogre mage
  3095 | D        | Noticed a frost giant
  3121 | D        | Killed a tengu reaver
  3146 | D        | Killed a frost giant
  3150 | D        | Killed an ogre mage
  3150 | D        | Killed an ettin
  3524 | D        | Noticed Snorg
  3529 | D        | Noticed Aizul
  3534 | D        | Killed Snorg
  3550 | D        | Killed Aizul
  3902 | D        | Noticed a four-headed hydra
  3902 | D        | Noticed a ghost crab
  3902 | D        | Noticed a thorn hunter
  3902 | D        | Noticed a ghost crab
  3906 | D        | Killed a one-headed hydra
  3906 | D        | Reached skill level 15 in Invocations
  3917 | D        | Killed a thorn hunter
  3924 | D        | Killed a ghost crab
  3926 | D        | Noticed a five-headed hydra
  3933 | D        | Killed a five-headed hydra
  3954 | D        | Reached XP level 13. HP: 27/111 MP: 24/24
  4390 | D        | Reached skill level 19 in Long Blades
  4674 | D        | Noticed Saint Roka
  4692 | D        | Killed Saint Roka
  4731 | D        | Noticed Kirke
  4735 | D        | Reached skill level 15 in Shields
  4742 | D        | Killed Kirke
  4742 | D        | Reached skill level 20 in Long Blades
  4796 | D        | Noticed a frost giant
  4796 | D        | Noticed a green very ugly thing
  4802 | D        | Killed a frost giant
  4804 | D        | Killed a green very ugly thing
  4810 | D        | Noticed a frost giant
  4824 | D        | Reached skill level 15 in Fighting
  4837 | D        | Killed a frost giant
  4858 | D        | Killed from afar by an ice dragon

Levels and vault maps discovered:
D:        linesprint [early_d, line_temple, items_1, d_10, items_2, lair_1,
          lair_end, items_3, orc_1, orc_end, items_4, d_15, swamp_1, shoals_1,
          snake_1, spider_1, d_20, vaults_1, items_5, swamp_end, shoals_end,
          snake_end, spider_end, vaults_end, d_27, items_6, zot_1, zot_end,
          crypt_end, forest_end, elf_end, slime_end, tomb_end, abyss_end,
          pan_hell_end]

Skill      XL: |  1  2  3  4  5  6  7  8  9 10 11 12 13 |
---------------+----------------------------------------+-----
Long Blades    | 2 3 4 5 7 10 11 13 15 16 17 18 20 | 20.2
Armour         | 3 4 5 6 7 8 9 11 12 13 | 13.0
Shields        | 3 4 5 7 8 9 10 12 13 15 | 15.4
Fighting       | 4 5 6 7 8 9 11 12 13 15 | 15.1
Dodging        | 1 2 3 4 |  4.2
Stealth        | 1 |  1.5
Invocations    | 2 5 9 15 16 | 16.0
Evocations     | 1 2 |  2.4

Action                   |  1- 3 |  4- 6 |  7- 9 | 10-12 | 13-15 || total
-------------------------+-------+-------+-------+-------+-------++-------
Melee: Long sword        |    31 |       |       |       |       ||    31
       Scimitar          |     2 |    35 |    85 |   333 |   130 ||   585
       Headbutt          |       |       |     8 |    80 |    32 ||   120
Invok: Lesser Servant of |       |       |     2 |    25 |       ||    27
       Greater Servant o |       |       |       |     7 |     4 ||    11
Evoke: Wand              |       |       |       |    10 |       ||    10
  Use: Potion            |       |     1 |     1 |     5 |     1 ||     8
       Scroll            |       |       |       |     2 |       ||     2
  Eat: Chunk             |       |       |       |     6 |       ||     6
       Ration            |       |       |       |     1 |     1 ||     2
Armor: Scale mail        |     6 |       |       |       |       ||     6
       Plate armour      |     1 |    22 |    25 |    94 |    37 ||   179
Dodge: Dodged            |     9 |     8 |    10 |    41 |    11 ||    79
Block: Shield            |    14 |    22 |    45 |   186 |    81 ||   348
       Rpst.: Long sword |     3 |       |       |       |       ||     3
       Scimitar          |       |     1 |     4 |     9 |     2 ||    16
